 Dungeon Crawl Stone Soup version 0.29-a0-266-gf56f883ddd (webtiles) character file.

Game seed: 2473797326331129016

948 shoop the Gouger (level 7, 31/31 HPs)
             Began as a Felid Delver on Mar 6, 2022.
             Was an Elder of Elyvilon.
             Quit the game on level 10 of the Dungeon on Mar 7, 2022.
             The game lasted 00:30:54 (11302 turns).

shoop the Gouger (Felid Delver)                    Turns: 11302, Time: 00:30:54

Health: 31/31      AC:  2    Str:  8    XL:     7   Next: 89%
Magic:  12/12      EV: 20    Int: 14    God:    Elyvilon [****..]
Gold:   351        SH:  0    Dex: 17    Spells: 9/12 levels left
                                        Lives:  0   Deaths: 2

rFire   + . .      SeeInvis +     - Unarmed
rCold   . . .      Faith    .   (shield unavailable)
rNeg    . . .      Spirit   +   (body armour unavailable)
rPois   .          Reflect  .   (helmet unavailable)
rElec   .          Harm     .   (cloak unavailable)
rCorr   .          Rampage  .   (gloves unavailable)
Will    +....                   (boots unavailable)
Stlth   +++.......              C - amulet of guardian spirit
HPRegen 0.10/turn               n - ring of wizardry
MPRegen 0.13/turn               r - ring of protection from fire

@: quick
A: very small, claws 1, fangs 3, see invisible, speed 1, shaggy fur 2, stealthy
paws, no weapons or thrown items, no armour, multi-lived
a: Renounce Religion, Purification, Heal Other, Heal Self


You were on level 10 of the Dungeon.
You worshipped Elyvilon.
Elyvilon was greatly pleased with you.
You visited 2 branches of the dungeon, and saw 11 of its levels.

You collected 351 gold pieces.

Inventory:

Jewellery
 f - an amulet of reflection
 n - a ring of wizardry (left paw)
 r - a ring of protection from fire (right paw)
 w - a ring of wizardry
 x - an amulet of the acrobat
 C - an amulet of guardian spirit (around neck)
Wands
 e - a wand of digging (3)
 A - a wand of paralysis (11)
Scrolls
 a - a scroll of fog
 b - 3 scrolls of magic mapping
 c - 2 scrolls of fear
 j - 2 scrolls of amnesia {unknown}
 k - a scroll of noise {unknown}
 p - a scroll of acquirement {unknown}
 q - 2 scrolls of teleportation
 s - a scroll of torment {unknown}
 v - 2 scrolls of blinking
 y - a scroll of brand weapon
 D - 2 scrolls of enchant armour
 F - a scroll of immolation
 G - 2 scrolls of enchant weapon {unknown}
Potions
 d - 3 potions of haste
 g - a potion of mutation
 h - 3 potions of ambrosia {unknown}
 i - 3 potions of lignification {unknown}
 l - 4 potions of degeneration {unknown}
 m - 2 potions of heal wounds
 o - 4 potions of flight {unknown}
 t - 2 potions of attraction {unknown}
 z - 2 potions of might {unknown}
 B - a potion of berserk rage
 E - 3 potions of curing {unknown}
 H - a potion of resistance


   Skills:
 + Level 3.0 Fighting
 + Level 6.0 Dodging
 - Level 6.6 Stealth
 * Level 9.5 Unarmed Combat
 - Level 3.0 Spellcasting
 - Level 5.0 Hexes
 - Level 3.0 Invocations
 - Level 3.0 Evocations


You had 9 spell levels left.
You knew the following spells:

 Your Spells              Type           Power      Damage    Failure   Level
a - Confusing Touch       Hex            16%        N/A       3%          3

Your spell library contained the following spells:

 Spells                   Type           Power      Damage    Failure   Level
 Slow                     Hex            64%        N/A       1%          1
 Animate Skeleton         Necr           4%         N/A       9%          1
 Apportation              Tloc           4%         N/A       9%          1
 Summon Small Mammal      Summ           8%         N/A       9%          1
 Vampiric Draining        Necr           2%         2d6       26%         3
 Fireball                 Conj/Fire      1%         3d3       90%         5
 Iskenderun's Battlesphe  Conj           2%         2d6       90%         5
 Conjure Ball Lightning   Conj/Air       1%         3x3d6     100%        6
 Orb of Destruction       Conj           1%         9d5       100%        7


Dungeon Overview and Level Annotations

Branches:
Dungeon (10/15)            Temple (1/1) D:4
   Lair: D:8-11         Orc: D:9-12

Altars:
Ashenzari
Cheibriados
Dithmenos
Elyvilon
Fedhas
Gozag
Hepliaklqana
Makhleb
Okawaru
Ru
Sif Muna
Trog
Uskayaw
Wu Jian
Xom
Yredelemnul
Zin
The Shining One

Annotations:
D:3 Robin
D:5 1 runed translucent door, Cecur's ghost, novice FoFi
D:7 exclusions: howler monkey and 3 slime creatures
D:8 exclusions: howler monkey and 2 steam dragons, Maurice


Innate Abilities, Weirdness & Mutations

You have sharp claws.
You have razor-sharp teeth.
You have supernaturally acute eyesight. (SInv)
You cover ground quickly. (Speed+)
You are covered in thick fur. (AC +2)
Your paws help you pounce on unaware monsters.
You are incapable of wielding weapons or throwing items.
You cannot wear armour.
You gain extra lives every three experience levels.


Message History

The gnoll sergeant hits you with a +2 vorpal trident!
The gnoll shouts! x2
You scratch the gnoll sergeant but do no damage.
You bite the gnoll sergeant.
The gnoll sergeant is lightly wounded.
The gnoll sergeant hits you with a +2 vorpal trident!
You scratch the gnoll sergeant but do no damage.
The gnoll sergeant is lightly wounded.
You completely miss the gnoll sergeant.
The gnoll sergeant is lightly wounded.
The gnoll sergeant hits you with a +2 vorpal trident!
* * * LOW HITPOINT WARNING * * *
x2
Okay, then.
You barely miss the gnoll sergeant.
The gnoll sergeant is lightly wounded.
The gnoll sergeant hits you with a +2 vorpal trident!
You die...
You are now level 7!
You rejoin the land of the living...
Save game and exit?
Welcome back, shoop the Felid Delver.
Elyvilon says: Go forth and aid the weak!
Press ? for a list of commands and other information.
There is a stone staircase leading down here.
You climb downwards.
Found a scroll of enchant armour.
There is a stone staircase leading up here.
D - 2 scrolls of enchant armour (gained 1)
Found a ring mail.
You now have 351 gold pieces (gained 17).
You open the door.
There is an open door here.
You open the door. 2 yaks come into view.
A yak comes into view.
The yak moves out of view.
Found 12 gold pieces.
A yak comes into view.
Found a scroll of fear.
There is an open door here.
Are you sure you want to abandon this character and quit the game? (Confirm with "yes".)

#### #####+#####..##
+... .........'....#
#.........[...#....#
#.............#....#
#...##.##...###..##
##...#####...###@##
...............#........
...............#...Y..?.
...............+..Y.....
...............#..Y$Y...
##...###########...###..
##...##.......##...# #
...............#....
...............


You could see 4 yaks.

Vanquished Creatures
  An unseen horror (D:8)
  A kobold demonologist (D:7)
  A steam dragon (D:6)
  A sky beast (D:8)
  An ice beast (D:6)
  An ogre (D:6)
  A centaur (D:6)
  A kobold brigand (D:7)
  A gnoll sergeant (D:8)
  3 necrophages
  A bullfrog (D:8)
  2 howler monkeys
  3 hounds (D:5)
  An orc priest (D:6)
  Jessica (D:3)
  An iguana (D:5)
  Natasha (thrice) (D:2)
  7 orc wizards
  10 gnolls
  12 adders
  A shadow imp (D:4)
  An ufetubus (D:7)
  5 worms
  2 dart slugs (D:2)
  18 orcs
  5 ball pythons
  8 endoplasms
  8 giant cockroaches
  11 goblins
  14 hobgoblins
  2 jackals (D:3)
  4 quokkas
  4 bats
  7 frilled lizards
  16 kobolds
  7 rats
166 creatures vanquished.

Vanquished Creatures (others)
  A kobold (D:7)
  8 plants (D:1)
9 creatures vanquished.

Grand Total: 175 creatures vanquished

Notes
Turn   | Place    | Note
-------+----------+-------------------------------------------
     0 | D:5      | shoop the Felid Delver began the quest for the Orb.
     0 | D:5      | Reached XP level 1. HP: 10/10 MP: 2/2
     2 | D:5      | Found a snail-covered altar of Cheibriados.
    24 | D:5      | Noticed a hound
    27 | D:5      | Killed a hound
    28 | D:5      | Reached skill level 3 in Unarmed Combat
    28 | D:5      | Reached XP level 2. HP: 14/14 MP: 3/3
    28 | D:5      | Reached XP level 3. HP: 17/17 MP: 4/4
    40 | D:5      | Found a runed translucent door.
    99 | D:3      | Found a glowing silver altar of Zin.
    99 | D:3      | Found a faded altar of an unknown god.
   416 | D:1      | You fall into a shaft and drop 1 floor!
   669 | D:1      | Reached XP level 4. HP: 19/21 MP: 5/5
  1675 | D:2      | Noticed Natasha
  1687 | D:2      | Killed Natasha
  1688 | D:2      | Reached skill level 4 in Unarmed Combat
  1760 | D:2      | Noticed Natasha
  1950 | D:2      | Killed Natasha
  1970 | D:2      | Reached XP level 5. HP: 24/24 MP: 6/6
  1980 | D:2      | Noticed Natasha
  2642 | D:2      | Killed Natasha
  2969 | D:3      | Reached skill level 5 in Unarmed Combat
  2984 | D:3      | Noticed Robin
  3020 | D:3      | Noticed Jessica
  3233 | D:4      | Reached skill level 5 in Dodging
  3330 | D:4      | Found a staircase to the Ecumenical Temple.
  3340 | Temple   | Entered the Ecumenical Temple
  3360 | Temple   | Became a worshipper of Elyvilon the Healer
  3722 | D:4      | Gained mutation: You are covered in thick fur. (AC +2)
                  | [Felid growth]
  3722 | D:4      | Reached XP level 6. HP: 24/28 MP: 7/7
  4317 | D:5      | Reached * piety under Elyvilon
  4533 | D:5      | Found a runed translucent door.
  4535 | D:5      | Noticed Cecur's ghost (novice FoFi)
  4842 | D:6      | Noticed an ice beast
  4844 | D:6      | Killed an ice beast
  4845 | D:6      | Reached skill level 6 in Unarmed Combat
  4845 | D:6      | Reached skill level 1 in Invocations
  4877 | D:6      | Noticed a steam dragon
  4890 | D:6      | Killed a steam dragon
  4891 | D:6      | Reached skill level 1 in Evocations
  4891 | D:6      | Reached XP level 7. HP: 9/31 MP: 7/9
  5520 | D:6      | Reached ** piety under Elyvilon
  5540 | D:6      | Slain by an ogre
  5541 | D:6      | Reached XP level 6. HP: -4/28 MP: 8/8
  5643 | D:6      | Reached skill level 7 in Unarmed Combat
  5794 | D:6      | Reached XP level 7. HP: 31/31 MP: 8/10
  6000 | D:6      | Reached skill level 1 in Spellcasting
  6320 | D:7      | Noticed a slime creature
  6487 | D:7      | Reached *** piety under Elyvilon
  6527 | D:7      | Learned a level 3 spell: Confusing Touch
  6864 | D:7      | Noticed a slime creature
  6864 | D:7      | Noticed a slime creature
  7243 | D:7      | Reached skill level 1 in Hexes
  7670 | D:8      | Noticed a skeletal warrior
  7670 | D:8      | Found an ornate altar of the Wu Jian Council.
  7776 | D:8      | Elyvilon protects you from harm!
  8054 | D:8      | Noticed an unseen horror
  8318 | D:8      | Noticed Maurice
  8333 | D:8      | Killed an unseen horror
  8334 | D:8      | Reached skill level 8 in Unarmed Combat
  8334 | D:8      | Reached XP level 8. HP: 18/34 MP: 5/12
  8621 | D:8      | Noticed a kobold demonologist
  8622 | D:8      | Noticed a two-headed ogre
  8637 | D:8      | Elyvilon protects you from harm!
  8645 | D:8      | Noticed a soul eater
  8983 | D:3      | Killed Jessica
 10573 | D:8      | Noticed a red devil
 10579 | D:7      | Noticed a rust devil
 10650 | D:7      | Killed a kobold demonologist
 10651 | D:7      | Reached skill level 9 in Unarmed Combat
 10651 | D:7      | Reached skill level 5 in Hexes
 11239 | D:9      | Slain by a gnoll sergeant
 11240 | D:9      | Reached XP level 7. HP: -3/31 MP: 0/12
 11268 | D:10     | Entered Level 10 of the Dungeon
 11268 | D:10     | Reached **** piety under Elyvilon
 11300 | D:10     | Noticed a yak
 11300 | D:10     | Noticed a yak
 11300 | D:10     | Noticed a yak
 11301 | D:10     | Noticed a yak
 11302 | D:10     | Quit the game

Illustrated notes

Levels and vault maps discovered:
D:1:      nicolae_arrival_memento_mori, layout_basic, corner_web_ring,
          lexackson_kobold_supper
D:2:      layout_loops_ring, uniq_natasha
D:3:      layout_rooms, lemuel_crystal_altar, serial_corexii_hall,
          chequers_hall_statues_y, corexii_hall_statues_deadend,
          chequers_hall_statues_corner_a, basic_ecumenical_altar, uniq_jessica,
          uniq_robin
D:4:      layout_loops_ring, minmay_temple_entry_slanted
D:5:      layout_basic, mainiacjoe_overflow_six_doors_small,
          ebering_ghost_sewer_f
D:6:      layout_basic, minmay_misc_feat_columns
D:7:      layout_basic
D:8:      minmay_tri_box, layout_rooms, hangedman_feature_mirror,
          hangedman_misty_isle, uniq_maurice
D:9:      layout_loops_ring, chequers_temple_overflow_statue_of_worship,
          minmay_lindwurm_lava
D:10:     layout_gridville, orc_0_dummy, lightli_corner_chamber
Temple:   lightli_temple_of_artemis

Skill      XL: |  1  2  3  4  5  6  7  8 |
---------------+-------------------------+-----
Dodging        | 3 4 5 6 |  6.0
Unarmed Combat | 3 4 5 7 8 9 |  9.5
Invocations    | 1 3 |  3.0
Evocations     | 1 3 |  3.0
Spellcasting   | 2 3 |  3.0
Hexes          | 3 5 |  5.0
Fighting       | |  3.0
Stealth        | |  6.6

Action                   |  1- 3 |  4- 6 |  7- 9 || total
-------------------------+-------+-------+-------++-------
Melee: Unarmed           |    35 |   234 |   250 ||   519
       Bite              |     3 |    17 |    22 ||    42
       Punch             |     1 |     9 |    13 ||    23
 Cast: Confusing Touch   |       |       |    17 ||    17
Evoke: Wand              |       |     2 |     2 ||     4
  Use: Potion            |       |     1 |     1 ||     2
       Scroll            |       |       |     8 ||     8
 Stab: Sleeping          |    10 |    22 |     7 ||    39
       Distracted        |       |     3 |     1 ||     4
       Paralysed         |       |     1 |       ||     1
       Confused          |       |       |     9 ||     9
Armor: Skin              |     1 |    11 |     8 ||    20
Dodge: Dodged            |    14 |   138 |   162 ||   314
Block: Other             |     5 |    19 |       ||    24

Table legend: (Time is in decaauts)
 A = Elapsed time spent in this place.
 B = Non-inter-level travel time spent in this place.
 C = Inter-level travel time spent in this place.
 D = Time resting spent in this place.
 E = Time spent auto-exploring this place.
 F = Levels seen in this place.
 G = Mean time per level.
                   A        B        C        D        E       F      G
               +--------+--------+--------+--------+--------+-----+--------+
         Total |   9893 |   9129 |    764 |   2100 |   4861 |  11 |  899.4 |
       Dungeon |   9860 |   9113 |    747 |   2100 |   4861 |  10 |  986.0 |
        Temple |     33 |     17 |     16 |      0 |      0 |   1 |   33.0 |
               +--------+--------+--------+--------+--------+-----+--------+

Top non-repeatable levels by time:
     D:7: 1657 daAuts
     D:2: 1519 daAuts
     D:6: 1517 daAuts
     D:1: 1450 daAuts
     D:8: 1166 daAuts
     D:5: 931 daAuts
     D:3: 794 daAuts
     D:4: 619 daAuts
     D:9: 175 daAuts
  Temple: 33 daAuts
    D:10: 27 daAuts
